cohdb
Replays
Latest Replays
All Replays
Popular Replays
Top Player Replays
Match Explorer
How It Works
Community
CoH3 Stats
Reddit
Sign in to upload your games and track your stats! →
Sign in with Steam
Match 43273965
Unlisted
Match 43273965
Overview
Messages
Build Orders
End
Construct Section Command Post
Selects Canadian Shock Battlegroup
Vickers Machine Gun Team
Dingo Light Scout Car
Infantry Section
Infantry Section
Construct Platoon Command Post
Selects Attacking Spirit
Selects Canadian Shock Section
Grenade Package
Selects Incendiary Munitions
Canadian Shock Section
Construct Field Infirmary
Unlock Bishop Self-propelled Artillery
Bishop Self-propelled Artillery
Selects Pyrotechnics
Infantry Training
Canadian Shock Section
Bishop Self-propelled Artillery
B1t
SkyCurv
T0MMY
Momoi Gaming
Zippi
樱岛麻衣
elevate
peace
0
0
Comments
sign in to comment!
No comments posted yet!